 Dungeon Crawl Stone Soup version 0.23-a0-171-g5ae17c6 (webtiles) character file.

28 Amnesiac the Chiller (level 3, 0/24 HPs)
             Began as a Mummy Ice Elementalist on Sept 12, 2018.
             Slain by a gnoll
             ... wielding a +1 flail of holy wrath
              (12 damage)
             ... on level 1 of the Dungeon.
             The game lasted 00:02:16 (679 turns).

Amnesiac the Chiller (Mummy Ice Elementalist)        Turns: 679, Time: 00:02:17

Health: 0/24       AC:  2    Str: 11    XL:     3   Next: 0%
Magic:  5/7        EV: 12    Int: 15    God:
Gold:   42         SH:  0    Dex: 12    Spells: 2/8 levels left

rFire    x . .     SeeInvis .   e - -1 hunting sling (curse)
rCold    + . .     Gourm    .   (no shield)
rNeg     + + +     Faith    .   a - +0 robe
rPois    ∞         Spirit   .   (no helmet)
rElec    .         Reflect  .   (no cloak)
rCorr    .         Harm     .   (no gloves)
MR       .....                  (no boots)
Stlth    ++........             (no amulet)
HPRegen  0.08/turn              (no ring)
MPRegen  0.10/turn              (no ring)

@: very slightly contaminated
A: no food or potions, fire vulnerability, cold resistance 1, negative energy
resistance 3, torment resistance, unbreathing
a: no special abilities


You were on level 1 of the Dungeon.
You were not hungry.

You visited 1 branch of the dungeon, and saw 3 of its levels.

You collected 42 gold pieces.

Inventory:

Hand Weapons
 e - a cursed -1 hunting sling (weapon)
Armour
 a - a +0 robe (worn)
Jewellery
 b - an uncursed ring of protection from cold {unknown}
Scrolls
 c - a scroll of fear {!r, unknown}
 d - a scroll of teleportation {!r, unknown}


   Skills:
 - Level 1.5 Dodging
 - Level 1.5 Stealth
 + Level 3.1 Spellcasting
 - Level 0.7 Conjurations
 * Level 3.2 Ice Magic


You had 2 spell levels left.
You knew the following spells:

 Your Spells              Type           Power        Failure   Level  Hunger
a - Freeze                Ice            ##..         5%          1    N/A
e - Throw Frost           Conj/Ice       #.....       13%         2    N/A
z - Ozocubu's Armour      Chrm/Ice       #.......     30%         3    N/A

Your spell library contained the following spells:

 Spells                   Type           Power        Failure   Level  Hunger
 Throw Icicle             Conj/Ice       #.......     65%         4    N/A
 Summon Ice Beast         Ice/Summ       #.......     69%         4    N/A

Dungeon Overview and Level Annotations

Branches:
Dungeon (3/15)

Altars:


Innate Abilities, Weirdness & Mutations

You do not eat or drink.
Your flesh is vulnerable to fire.
You are immune to poison.
Your flesh is cold resistant. (rC+)
You are immune to negative energy. (rN+++)
You are immune to unholy pain and torment.
You can survive without breathing.


Message History

The gnoll hits you with a spear!
* * * LOW HITPOINT WARNING * * *
Casting: Freeze (safe; 6% risk of failure)
Confirm with . or Enter, or press ? or * to list all spells.
Aiming: Freeze (safe; 6% risk of failure)
Press: ? - help, Shift-Dir - straight line, f/p - gnoll
Aim: a gnoll, wielding a spear (moderately wounded)
You freeze the gnoll.
The gnoll is almost dead.
The gnoll barely misses you.
Casting: Freeze (safe; 6% risk of failure)
Confirm with . or Enter, or press ? or * to list all spells.
Aiming: Freeze (safe; 6% risk of failure)
Press: ? - help, Shift-Dir - straight line, f/p - gnoll
Aim: a gnoll, wielding a spear (almost dead)
You freeze the gnoll.
You kill the gnoll!
You have reached level 3!
Your experience leads to an increase in your attributes!
Increase (S)trength, (I)ntelligence, or (D)exterity?
You feel clever.
Memorise Ozocubu's Armour, consuming 3 spell levels and leaving 2?
You start memorising the spell.
You continue memorising. x3
You finish memorising.
Spell assigned to 'z'.
Things that are here:
a spear; a gnoll corpse
There is a stone staircase leading up here.
Found a short sword. 2 gnolls come into view.
The gnoll shouts!
A gnoll comes into view. It is wielding a flail of holy wrath.
The gnoll shouts!
Found 15 gold pieces.
You see here a short sword.
You now have 42 gold pieces (gained 15).
You open the door.
Found 11 gold pieces.
There is an open door here.
Found 16 bolts.
The gnoll closely misses you.
There is a stone staircase leading up here.
The gnoll hits you with a flail of holy wrath.
You convulse.
* * * LOW HITPOINT WARNING * * *
You climb upwards.
There is a stone staircase leading down here.
Casting: Freeze (safe; 5% risk of failure)
Confirm with . or Enter, or press ? or * to list all spells.
Aiming: Freeze (safe; 5% risk of failure)
Press: ? - help, Shift-Dir - straight line, f - gnoll
Aim: a gnoll, wielding a flail of holy wrath You freeze the gnoll.
The gnoll is moderately wounded.
Casting: Freeze (safe; 5% risk of failure)
Confirm with . or Enter, or press ? or * to list all spells.
Aiming: Freeze (safe; 5% risk of failure)
Press: ? - help, Shift-Dir - straight line, f/p - gnoll
Aim: a gnoll, wielding a flail of holy wrath (moderately wounded)
You miscast Freeze.
You are very lightly contaminated with residual magic.
Nothing appears to happen.
The gnoll hits you with a flail of holy wrath!
Ouch! That really hurt!
You die...

#..##
#...#
#.#.#
#...##
##...#
#...#
##..#
#.)#
#g@#
##.#
#.#
#.#
#.#
#.#
#.#
#.#


You could see a gnoll.

Vanquished Creatures
  A gnoll (D:2)
  3 leopard geckos (D:2)
  4 bats
  2 giant cockroaches (D:2)
  2 goblins
  A hobgoblin (D:2)
  A ball python (D:3)
  A frilled lizard (D:2)
  2 rats (D:2)
17 creatures vanquished.

Notes
Turn   | Place    | Note
-------+----------+-------------------------------------------
     0 | D:1      | Amnesiac the Mummy Ice Elementalist began the quest for the
                  | Orb.
     0 | D:1      | Reached XP level 1. HP: 13/13 MP: 4/4
   254 | D:2      | Reached XP level 2. HP: 16/19 MP: 2/5
   258 | D:2      | Learned a level 2 spell: Throw Frost
   625 | D:2      | Reached XP level 3. HP: 12/24 MP: 2/7
   630 | D:2      | Learned a level 3 spell: Ozocubu's Armour
   679 | D:1      | Slain by a gnoll

Vault maps used:
D:1:      co_arrival_random_square_maze
D:2:      first_ration
D:3:      portal_sewer_entry_f, uniq_jessica

Skill      XL: |  1  2 |
---------------+-------+-----
Ice Magic      | 3 |  3.2
Spellcasting   | 3 |  3.1
Dodging        | |  1.5
Stealth        | |  1.5
Conjurations   | |  0.7

Action                   || total
-------------------------++-------
Melee: Unarmed           ||     6
 Cast: Freeze            ||    32
       Throw Frost       ||     2
Armor: Robe              ||     9
Dodge: Dodged            ||    35

Table legend:
 A = Non-vault XP
 B = Vault XP
 C = Vault XP percentage of total XP
 D = Non-vault monster count
 E = Vault monster count
 F = Vault count percentage of total count
                 A         B        C        D         E       F
            +---------+---------+-------+---------+---------+-------
      Total |      41 |       0 |   0.0 |      17 |       0 |   0.0
            +---------+---------+-------+---------+---------+-------
        D:1 |       2 |       0 |   0.0 |       1 |       0 |   0.0
        D:2 |      37 |       0 |   0.0 |      14 |       0 |   0.0
        D:3 |       2 |       0 |   0.0 |       2 |       0 |   0.0
            +---------+---------+-------+---------+---------+-------
